 Dungeon Crawl Stone Soup version 0.22.0-6-g71bd7aa (webtiles) character file.

23004 wojtek the Cleaver (level 12, -2/104 HPs)
             Began as a Minotaur Fighter on Aug 15, 2018.
             Was a Priest of Makhleb.
             Slain by a black mamba (10 damage)
             ... on level 2 of the Lair of Beasts.
             The game lasted 00:23:18 (13878 turns).

wojtek the Cleaver (Minotaur Fighter)              Turns: 13878, Time: 00:23:19

Health: -2/104     AC: 23    Str: 24    XL:     12   Next: 68%
Magic:  6/6        EV:  9    Int:  5    God:    Makhleb [***...]
Gold:   835        SH: 12    Dex: 12    Spells: 11/11 levels left

rFire    + . .     SeeInvis .   m - +1 broad axe (antimagic)
rCold    + . .     Gourm    .   c - +0 shield
rNeg     . . .     Faith    .   L - +3 plate armour {rF+}
rPois    +         Spirit   .   (helmet restricted)
rElec    .         Reflect  .   (no cloak)
rCorr    .         Harm     .   (no gloves)
MR       .....                  E - +0 pair of boots of Defence {rPois}
Stlth    ..........             (no amulet)
HPRegen  0.27/turn              r - +5 ring of protection
MPRegen  0.10/turn              H - ring of protection from cold

@: drained
A: retaliatory headbutt, horns 2
a: Minor Destruction, Lesser Servant of Makhleb, Renounce Religion


You were on level 2 of the Lair of Beasts.
You worshipped Makhleb.
Makhleb was most pleased with you.
You were very hungry.

You visited 2 branches of the dungeon, and saw 14 of its levels.

You collected 835 gold pieces.

Inventory:

Hand Weapons
 a - a +0 war axe
 m - a +1 antimagic broad axe (weapon)
Armour
 c - a +0 shield (worn)
 E - the +0 pair of boots of Defence (worn) {rPois}
   (You found it on level 7 of the Dungeon)

   It protects you from poison.
 L - a +3 plate armour of fire resistance (worn)
Jewellery
 r - a +5 ring of protection (left hand)
 H - a ring of protection from cold (right hand)
 I - an uncursed ring of protection from fire
 M - a +1 ring of evasion {unknown}
 Q - an uncursed ring of see invisible {unknown}
 T - an uncursed ring of protection from fire
Wands
 z - a wand of paralysis (1)
 F - a wand of digging (35)
 K - a wand of iceblast (8)
 R - a wand of flame (28)
 S - a wand of polymorph (8)
Scrolls
 e - 6 scrolls of teleportation
 h - 9 scrolls of remove curse
 k - 2 scrolls of enchant armour
 s - a scroll of random uselessness {unknown}
 t - 2 scrolls of fear
 y - a scroll of enchant weapon
 A - a scroll of amnesia
 B - 2 scrolls of vulnerability {unknown}
 C - a scroll of fog {unknown}
 D - a scroll of brand weapon {unknown}
 J - a scroll of immolation {unknown}
 N - a scroll of magic mapping {unknown}
 P - 6 scrolls of identify
Potions
 d - 4 potions of might
 g - a potion of cancellation {unknown}
 i - 3 potions of berserk rage
 j - 4 potions of lignification {unknown}
 l - a potion of haste
 n - 7 potions of curing
 o - 2 potions of agility {unknown}
 p - 2 potions of brilliance {unknown}
 q - 2 potions of magic {unknown}
 u - 6 potions of heal wounds
 v - 2 potions of flight {unknown}
 w - 3 potions of mutation {unknown}
 x - a potion of invisibility {unknown}
 G - a potion of resistance {unknown}
 O - a potion of degeneration {unknown}
Miscellaneous
 b - a fan of gales
Comestibles
 f - 17 rations


   Skills:
 + Level 9.3(9.0) Fighting
 * Level 13.2(12.8) Axes
 + Level 9.4(9.1) Armour
 + Level 7.8(7.5) Dodging
 + Level 9.5(9.2) Shields
 * Level 9.9(9.6) Invocations
 + Level 5.4(5.1) Evocations


You had 11 spell levels left.
You didn't know any spells.
Your spell library contained the following spells:

 Spells                   Type           Power        Failure   Level  Hunger
 Apportation              Tloc           #.....       100%        1    ##.....
 Lightning Bolt           Conj/Air       #.........   100%        5    ######.
 Freezing Cloud           Conj/Ice/Air   #.........   100%        6    #######
 Summon Small Mammal      Summ           #...         100%        1    ##.....
 Pain                     Necr           #...         100%        1    ##.....
 Animate Skeleton         Necr           N/A          100%        1    ##.....
 Shock                    Conj/Air       #...         100%        1    ##.....
 Spider Form              Tmut/Pois      #.........   100%        3    ####...
 Blade Hands              Tmut           #.........   100%        5    ######.
 Statue Form              Tmut/Erth      #........    100%        6    #######
 Ice Form                 Ice/Tmut       #.......     100%        4    #####..
 Dragon Form              Tmut           #.........   100%        7    #######
 Deflect Missiles         Chrm/Air       #.........   100%        6    #######
 Confusing Touch          Hex            #.....       100%        1    ##.....
 Sticks to Snakes         Tmut           #.......     100%        2    ###....
 Beastly Appendage        Tmut           #.....       100%        1    ##.....
 Hydra Form               Tmut           #.........   100%        6    #######
 Irradiate                Conj/Tmut      #.........   100%        5    ######.


Dungeon Overview and Level Annotations

Branches:
Dungeon (11/15)            Temple (0/1) D:6            Lair (3/6) D:9
  Snake (0/4) Lair:2          Orc (0/2) D:9
  Swamp: Lair:2-4    Shoals: Lair:2-4

Altars:
Ashenzari
Fedhas
Hepliaklqana
Makhleb
Qazlal
Uskayaw
Vehumet
Wu Jian
Xom

Shops:
D:4 [   D:5 *


Innate Abilities, Weirdness & Mutations

You reflexively headbutt those who attack you in melee.
You have a pair of horns on your head.


Message History

Rupert burns!
The black mamba bites you but does no damage.
Your orange demon stings Rupert from afar!
Rupert dies!
Makhleb accepts your kill. Something hits your orange demon!
The black mamba barely misses you. The black mamba bites you.
* * * LOW HITPOINT WARNING * * *
There is a stone staircase leading up here.
Something hits your orange demon!!
Your orange demon dies!
The black mamba barely misses you.
The blink frog blinks!
You climb upwards.
There is a stone staircase leading down here.
You closely miss the black mamba.
The black mamba bites you but does no damage.
You block the black mamba's attack.
You miss the black mamba. Your headbutt misses the black mamba.
You block the black mamba's attack. The black mamba bites you!
You die...

....<.##......#.###........≈≈≈≈§≈
.....##.....###..##..............
#..###.......#P.###...#...#.###.#
#### ##......##.##.#...P.#..#####
#......#..##........#..####
#.≈≈≈≈.#...................
#.≈≈≈≈.##.##.......##.##...
#.≈≈#≈.##.#S...##..##.###.#
#.≈#≈≈..#.@.....#..#..##...
###.≈≈≈≈.........##.....##..# ###
#.#.......P##...##.#.....#...
#.####........#####..####...P...#
....######.#### #...###......#.#
....# ### ##..#P#......... ....#
##.............. ....#
#.#............. ....#
###.............


You could see a black mamba.

Vanquished Creatures
  A dancing weapon (Lair:1)
  2 two-headed ogres
  The ghost of Fuanat the Blocker, a novice DDFi (Lair:1)
  2 unseen horrors
  A cyclops (D:11)
  An ugly thing (D:11)
  A deep elf mage (D:11)
  Joseph (D:7)
  2 black mambas (Lair:2)
  4 spiny frogs
  A gargoyle (D:10)
  A komodo dragon (Lair:1)
  3 kobold demonologists (D:11)
  A troll (D:9)
  A queen bee (D:11)
  A polar bear (Lair:2)
  2 hippogriffs
  A blink frog (Lair:3)
  2 wyverns (D:11)
  3 yaks
  A basilisk (Lair:2)
  A steam dragon (D:9)
  2 hungry ghosts
  4 water moccasins (Lair:2)
  4 porcupines
  6 orc warriors
  2 sky beasts
  3 phantoms
  4 ice beasts
  A necrophage (D:7)
  A wolf (Lair:2)
  6 centaurs
  6 ogres
  3 crocodiles
  2 big kobolds
  3 bullfrogs
  A gnoll sergeant (D:5)
  3 wyvern skeletons
  3 scorpions
  14 killer bees
  13 wights
  2 electric eels (D:4)
  8 howler monkeys
  4 crimson imps
  A quasit (D:9)
  A centaur zombie (D:11)
  4 jellies
  7 orc priests
  11 hounds
  A gnoll shaman (D:9)
  A bullfrog skeleton (D:4)
  9 orc wizards
  2 iguanas
  5 worker ants
  2 hound skeletons
  13 gnolls
  19 adders
  A shadow imp (D:6)
  4 oozes
  2 worms (D:3)
  2 dart slugs
  7 leopard geckos
  35 orcs
  3 giant cockroaches
  A goblin (D:3)
  6 hobgoblins
  10 jackals
  11 kobolds
  5 quokkas
  4 ball pythons
  8 bats
  6 frilled lizards
  A giant cockroach zombie (D:6)
  2 jackal skeletons
  5 rats
  A butterfly (Lair:1)
  A fungus (Lair:2)
  3 plants (Lair:2)
323 creatures vanquished.

Vanquished Creatures (collateral kills)
  Rupert (Lair:3)
  3 hydras
  A two-headed ogre (D:11)
  The ghost of zapotec the Shield-Bearer, a novice GnFi of Uskayaw (D:7)
  A deep elf archer (D:11)
  A centaur zombie (D:11)
  A centaur skeleton (D:11)
  5 yaks
  A basilisk (Lair:2)
  A water moccasin (Lair:2)
  A centaur (D:11)
  An ogre (D:11)
  3 wolves (Lair:2)
  A big kobold (D:11)
  2 bullfrogs (Lair:2)
  9 killer bees (D:11)
  An electric eel (D:4)
  A hound (D:11)
  An orc priest (D:11)
  An adder (D:11)
  An orc (D:11)
  4 kobolds (D:11)
42 creatures vanquished.

Vanquished Creatures (others)
  2 fungi (Lair:3)
2 creatures vanquished.

Grand Total: 367 creatures vanquished

Notes
Turn   | Place    | Note
-------+----------+-------------------------------------------
     0 | D:1      | wojtek the Minotaur Fighter began the quest for the Orb.
     0 | D:1      | Reached XP level 1. HP: 19/19 MP: 0/0
    59 | D:1      | Reached skill level 3 in Axes
   119 | D:1      | Reached XP level 2. HP: 26/26 MP: 1/1
   374 | D:1      | Reached skill level 4 in Axes
   510 | D:2      | Reached XP level 3. HP: 31/31 MP: 2/2
   672 | D:2      | Found an ornate altar of the Wu Jian Council.
   982 | D:2      | Reached skill level 5 in Axes
  1035 | D:2      | Reached XP level 4. HP: 35/39 MP: 3/3
  1395 | D:2      | Found a blossoming altar of Fedhas.
  1683 | D:3      | Reached skill level 6 in Axes
  1685 | D:3      | Reached XP level 5. HP: 30/45 MP: 4/4
  2329 | D:3      | Found a burning altar of Makhleb.
  2348 | D:3      | Became a worshipper of Makhleb the Destroyer
  2504 | D:4      | Reached skill level 1 in Dodging
  2615 | D:4      | Reached XP level 6. HP: 32/52 MP: 5/5
  2640 | D:4      | Reached skill level 1 in Invocations
  2642 | D:4      | Found a transporter.
  3032 | D:4      | Found Goceod's Armour Shoppe.
  3032 | D:4      | Found a transporter.
  3252 | D:5      | Entered Level 5 of the Dungeon
  3259 | D:5      | Reached skill level 7 in Axes
  3270 | D:5      | Reached XP level 7. HP: 60/60 MP: 7/7
  3337 | D:5      | Found a shattered altar of Ashenzari.
  3632 | D:5      | Reached * piety under Makhleb
  3986 | D:4      | Reached skill level 5 in Shields
  3986 | D:4      | Reached XP level 8. HP: 59/67 MP: 9/9
  4092 | D:5      | Found Pepax's Practical Paraphernalia.
  4130 | D:5      | Reached skill level 5 in Fighting
  4130 | D:5      | Reached skill level 5 in Armour
  4168 | D:5      | Reached skill level 8 in Axes
  4684 | D:5      | Found a hide-covered altar of Uskayaw.
  4995 | D:6      | Found a staircase to the Ecumenical Temple.
  5002 | D:6      | Found a faded altar of an unknown god.
  5364 | D:6      | Found a shimmering altar of Xom.
  5368 | D:6      | Found a stormy altar of Qazlal.
  5853 | D:7      | Got a pair of pitted boots
  5880 | D:7      | Reached ** piety under Makhleb
  5986 | D:7      | Found a runed door.
  5988 | D:7      | Noticed zapotec's ghost (novice GnFi)
  6018 | D:7      | Reached skill level 9 in Axes
  6202 | D:7      | Reached skill level 5 in Invocations
  6202 | D:7      | Reached XP level 9. HP: 75/75 MP: 11/11
  6246 | D:7      | Noticed Joseph
  6284 | D:7      | Killed Joseph
  6297 | D:7      | Reached skill level 1 in Evocations
  6504 | D:7      | Identified the +0 pair of boots of Defence {rPois} (You found it on level 7 of the Dungeon)
  6803 | D:8      | Found a radiant altar of Vehumet.
  7577 | D:8      | Found a hazy altar of Hepliaklqana.
  7725 | D:8      | Reached skill level 10 in Axes
  8212 | D:9      | Reached XP level 10. HP: 83/84 MP: 13/13
  8218 | D:9      | Reached skill level 5 in Dodging
  8235 | D:9      | Found a staircase to the Lair.
  8691 | D:9      | Found a staircase to the Orcish Mines.
  8742 | D:9      | Reached *** piety under Makhleb
  9508 | D:9      | Identified the +2 ring mail of Wonder {Dex+3 SInv} (You found it on level 9 of the Dungeon)
  9671 | D:10     | Entered Level 10 of the Dungeon
  9845 | D:10     | Noticed a gargoyle
  9863 | D:10     | Killed a gargoyle
  9909 | D:10     | Noticed a two-headed ogre
  9916 | D:10     | Killed a two-headed ogre
 10100 | D:10     | Killed an unseen horror
 10100 | D:10     | Reached skill level 11 in Axes
 10518 | D:11     | Noticed a five-headed hydra
 10521 | D:11     | Reached XP level 11. HP: 84/92 MP: 15/15
 10526 | D:11     | Killed a five-headed hydra
 10571 | D:11     | Noticed a six-headed hydra
 10579 | D:11     | Killed a six-headed hydra
 10648 | D:11     | Noticed a deep elf archer
 10659 | D:11     | Killed a deep elf archer
 10675 | D:11     | Reached **** piety under Makhleb
 10770 | D:11     | Noticed a white ugly thing
 10771 | D:11     | Noticed a two-headed ogre
 10808 | D:11     | Killed a white ugly thing
 10810 | D:11     | Killed a two-headed ogre
 10841 | D:11     | Noticed a two-headed ogre
 10847 | D:11     | Killed a two-headed ogre
 10850 | D:11     | Noticed a sixfirhy
 10877 | D:11     | Reached skill level 12 in Axes
 10987 | D:11     | Killed an unseen horror
 11253 | D:11     | Noticed a deep elf mage
 11265 | D:11     | Killed a deep elf mage
 11527 | Lair:1   | Entered Level 1 of the Lair of Beasts
 11527 | Lair:1   | Found a runed door.
 11527 | Lair:1   | Found a shimmering altar of Xom.
 11527 | Lair:1   | Noticed Fuanat's ghost (novice DDFi)
 11532 | Lair:1   | Noticed a long sword of chaos
 11763 | Lair:1   | Reached XP level 12. HP: 103/103 MP: 5/17
 12783 | D:7      | Killed zapotec's ghost
 12901 | Lair:1   | Killed Fuanat's ghost
 12942 | Lair:2   | Noticed a four-headed hydra
 12949 | Lair:2   | Killed a four-headed hydra
 12949 | Lair:2   | Reached skill level 5 in Evocations
 13127 | Lair:2   | Identified the Compendium of Sinister Rites and Lightness
 13263 | Lair:2   | Found a staircase to the Snake Pit.
 13477 | Lair:2   | Reached skill level 13 in Axes
 13851 | Lair:3   | Noticed Rupert
 13872 | Lair:3   | Killed Rupert
 13878 | Lair:2   | Slain by a black mamba

Skill      XL: |  1  2  3  4  5  6  7  8  9 10 11 12 |
---------------+-------------------------------------+-----
Axes           | 3 4 5 6 7 9 10 11 12 13 | 13.2
Dodging        | 1 2 3 4 6 7 |  7.8
Fighting       | 4 5 6 7 8 9 |  9.3
Armour         | 4 5 6 7 8 9 |  9.4
Shields        | 4 5 6 7 8 9 |  9.5
Invocations    | 2 3 5 6 7 9 |  9.9
Evocations     | 2 3 4 5 |  5.4

Action                   |  1- 3 |  4- 6 |  7- 9 | 10-12 || total
-------------------------+-------+-------+-------+-------++-------
Melee: War axe           |    84 |   161 |   361 |   280 ||   886
       Headbutt          |     8 |    18 |    67 |   117 ||   210
       Broad axe         |       |       |       |   343 ||   343
Invok: Lesser Servant of |       |       |       |    21 ||    21
       Minor Destruction |       |       |       |     4 ||     4
Evoke: Wand              |       |       |     6 |     6 ||    12
  Use: Scroll            |       |       |     6 |     5 ||    11
       Potion            |       |       |       |     1 ||     1
 Stab: Paralysed         |       |       |       |     5 ||     5
       Distracted        |       |       |       |     5 ||     5
  Eat: Chunk             |       |     7 |     9 |    16 ||    32
       Ration            |       |       |     3 |     1 ||     4
Armor: Scale mail        |    39 |       |       |       ||    39
       Chain mail        |     2 |    82 |       |       ||    84
       Plate armour      |       |    10 |   220 |   451 ||   681
Dodge: Dodged            |    22 |    25 |    72 |   213 ||   332
Block: Shield            |    48 |    79 |   182 |   415 ||   724
